 Dungeon Crawl Stone Soup version 0.31-a0-152-g6aa68a64a1 (webtiles) character file.

Game seed: 13914893855408055286

37 qw the Shooter (level 3, -2/31 HPs)
             Began as a Minotaur Hunter on June 10, 2023.
             Slain by a gnoll
             ... wielding a +0 club
              (4 damage)
             ... on level 2 of the Dungeon.
             The game lasted 00:00:22 (968 turns).

qw the Shooter (Minotaur Hunter)                     Turns: 968, Time: 00:00:23

Health: -2/31      AC:  3    Str: 15    XL:     3   Next: 23%
Magic:  2/2        EV: 12    Int:  6    God:
Gold:   42         SH:  0    Dex: 15    Spells: 2/2 levels left

rFire   . . .        Y - +0 shortbow
rCold   . . .        (shield currently unavailable)
rNeg    . . .        c - +0 leather armour
rPois   .            (helmet restricted)
rElec   .            (no cloak)
rCorr   .            (no gloves)
SInv    +            (no boots)
Will    .....        (no amulet)
Stlth   +            e - ring of see invisible
HPRegen 0.25/turn    (no ring)
MPRegen 0.08/turn

%: no passive effects
@: no status effects
A: horns 2, retaliatory headbutt
a: no special abilities


You were on level 2 of the Dungeon.
You visited 1 branch of the dungeon, and saw 2 of its levels.

You collected 42 gold pieces.


Innate Abilities, Weirdness & Mutations

You have a pair of horns on your head.
You reflexively headbutt those who attack you in melee.


   Skills:
 - Level 3.0 Fighting
 + Level 5.4 Ranged Weapons
 - Level 2.1 Dodging
 - Level 0.7 Stealth


You had 2 spell levels left.
You didn't know any spells.
Your spell library was empty.

Inventory:

Hand Weapons
 Y - a +0 shortbow (weapon)
Armour
 c - a +0 leather armour (worn)
Jewellery
 e - a ring of see invisible (left hand)
Potions
 d - a potion of might {unknown}
 f - a potion of enlightenment {unknown}
 i - a potion of lignification {unknown}

Dungeon Overview and Level Annotations

Branches:
Dungeon (2/15)

Altars:


Message History

The giant cockroach misses you.
You shoot an arrow. The arrow hits the giant cockroach.
The giant cockroach is almost dead.
The giant cockroach closely misses you. You furiously retaliate!
You headbutt the giant cockroach.
You kill the giant cockroach!
A gnoll comes into view. It is wielding a +0 whip.
The gnoll shouts!
You hear a shout!
A gnoll comes into view. It is wielding a +0 club.
The gnoll moves out of view.
You shoot an arrow. The arrow hits the gnoll.
The gnoll is moderately wounded.
A gnoll comes into view. It is wielding a +0 club.
You shoot an arrow. The arrow closely misses the gnoll.
You shoot an arrow. The arrow hits the gnoll.
The gnoll is moderately wounded.
You shoot an arrow. The arrow barely misses the gnoll.
The gnoll throws a throwing net.
The throwing net hits you.
You become entangled in the net!
You struggle against the net.
The gnoll hits you with a +0 whip.
You struggle against the net.
The gnoll barely misses you. You furiously retaliate!
You headbutt the gnoll, but do no damage.
The gnoll hits you with a +0 club.
You struggle against the net.
The gnoll hits you with a +0 whip. The gnoll hits you with a +0 club. x2
You struggle against the net.
The gnoll barely misses you. The gnoll hits you with a +0 club.
The gnoll hits you but does no damage.
You rip the net and break free!
The gnoll misses you. The gnoll hits you with a +0 club. The gnoll misses you.
You shoot an arrow. The arrow hits the gnoll.
The gnoll is moderately wounded.
The gnoll hits you with a +0 whip. The gnoll barely misses you.
The gnoll hits you with a +0 club.
You shoot an arrow. The arrow hits the gnoll.
The gnoll is severely wounded.
The gnoll hits you with a +0 whip. The gnoll hits you with a +0 club.
You die...

.............#...
............)#.#####
....................
............)..####
........###....#####.#.#
......#.###.#..........#
......#.....###.<###.##
#...# ####..###.## #...
#.@g.#.. #.. ##gg..##.
#. ##...# .# ...# .
#...# #. ....# ...# ....


You could see 3 gnolls.

Vanquished Creatures
  A dart slug (D:1)
  2 endoplasms (D:1)
  3 giant cockroaches
  4 goblins
  3 hobgoblins (D:1)
  3 quokkas (D:1)
  4 ball pythons (D:1)
  6 bats (D:1)
  A frilled lizard (D:1)
  2 kobolds (D:1)
  6 rats (D:1)
35 creatures vanquished.

Notes
Turn   | Place    | Note
-------+----------+-------------------------------------------
     0 | D:1      | qw the Minotaur Hunter began the quest for the Orb.
     0 | D:1      | Reached XP level 1. HP: 18/18 MP: 0/0
     0 | D:1      | 0 ||| qw: Version: 0.2-a-122-gbc61b45
     0 | D:1      | 0 ||| qw: Game counter: 3561
     0 | D:1      | 0 ||| qw: Always use a shield: true
     0 | D:1      | 0 ||| qw: God list: Okawaru
     0 | D:1      | 0 ||| qw: Allow faded altars: false
     0 | D:1      | 0 ||| qw: Do Orc after D:15 true
     0 | D:1      | 0 ||| qw: Do second Lair branch before Depths: true
     0 | D:1      | 0 ||| qw: Lair rune preference: random
     0 | D:1      | 0 ||| qw: Plans: Normal
     0 | D:1      | 0 ||| PLANNING D:1-11
    89 | D:1      | Reached XP level 2. HP: 25/25 MP: 1/1
   146 | D:1      | Reached skill level 5 in Ranged Weapons
   470 | D:1      | Reached skill level 3 in Fighting
   743 | D:1      | Reached XP level 3. HP: 31/31 MP: 2/2
   901 | D:1      | 901 ||| UPGRADING to ring of see invisible.
   902 | D:1      | 902 ||| READING 2 scrolls labelled CUONIAPP RIOPH.
   903 | D:1      | 903 ||| READING scroll labelled MEALLOGIQE.
   907 | D:1      | 907 ||| DROPPING scroll of fog.
   908 | D:1      | 908 ||| DROPPING scroll of butterflies.
   967 | D:2      | HP: 7/31 [gnoll/+0 whip (3)]
   967 | D:2      | HP: 3/31 [gnoll/+0 club (4)]
   968 | D:2      | Slain by a gnoll

Levels and vault maps discovered:
D:1:      mrwooster_arrival_statue_3, layout_basic
D:2:      layout_basic, basic_altar, uniq_jessica, uniq_sigmund

Skill      XL: |  1  2 |
---------------+-------+-----
Ranged Weapons | 5 |  5.4
Fighting       | 3 |  3.0
Dodging        | |  2.1
Stealth        | |  0.7

Action                     || total
---------------------------++-------
   Fire: Shortbow          ||   100
    Use: Scroll            ||     2
 Armour: Leather armour    ||    13
  Dodge: Dodged            ||    26

Table legend:
 A = Non-vault XP
 B = Vault XP
 C = Vault XP percentage of total XP
 D = Non-vault monster count
 E = Vault monster count
 F = Vault count percentage of total count
                 A         B        C        D         E       F
            +---------+---------+-------+---------+---------+-------
      Total |      54 |       0 |   0.0 |      35 |       0 |   0.0
            +---------+---------+-------+---------+---------+-------
        D:1 |      46 |       0 |   0.0 |      31 |       0 |   0.0
        D:2 |       8 |       0 |   0.0 |       4 |       0 |   0.0
            +---------+---------+-------+---------+---------+-------
